Map: Cyber Forest LE

Players

MaNa - Winner!

  • Race: Protoss Protoss
  • Spawn Location: 11:00

Clem

  • Race: Terran Terran
  • Spawn Location: 5:00

Event: 2019 WCS Spring

VOD

Have the link to the VOD?

Description

Time

  • Played on: May 17, 2019, 10:50 a.m.
  • Length: 10:32

All games in this series

Show
View Real Time Build Order
Export as new Build Order

MaNa Protoss - Winner!

Build Orders: 1 Gate Expand, Oracle Opening 

Get SALT Encoding   

  12  0:00  Probe  
  13  0:12  Probe  
  14  0:19  Pylon  
  14  0:24  Probe  
  15  0:33  Probe  
  15  0:38  Gateway  
  15  0:41  Probe  
  16  0:47  Assimilator  
  17  0:51  Probe  
  18  1:04  Probe  
  19  1:16  Probe  
  20  1:25  Cybernetics Core  
  20  1:33  Nexus  
  20  1:37  Probe  
  21  1:43  Pylon  
  21  1:49  Probe  
  21  1:52  Assimilator, Adept  
  22  2:01  Probe  
  25  2:13  Probe  
  25  2:14  Adept  
  26  2:20  Stargate  
  26  2:25  Probe  
  29  2:33  Warp Gate  
  29  2:37  Probe  
  30  2:45  Probe, Adept  
  30  2:49  Probe  
  34  2:56  Oracle  
  34  2:57  Probe  
  35  3:01  Probe  
  36  3:09  Probe  
  40  3:13  Probe  
  41  3:21  Probe  
  41  3:26  Gateway x2  
  42  3:27  Oracle  
  42  3:28  Probe, Pylon  
  46  3:45  Assimilator  
  46  3:46  Probe x2  
  46  3:47  Pylon  
  46  3:48  Assimilator  
  47  3:58  Probe x2  
  47  4:02  Phoenix  
  51  4:10  Probe x2  
  53  4:21  Adept x3  
  53  4:22  Probe x2  
  61  4:35  Probe x2  
  60  4:42  Pylon  
  62  4:49  Probe x2, Twilight Council  
  62  4:51  Forge  
  62  4:53  Pylon  
  62  5:01  Probe  
  62  5:04  Sentry  
  62  5:05  Stalker, Sentry  
  69  5:08  Probe  
  70  5:18  Pylon  
  70  5:19  Nexus  
  70  5:23  Pylon  
  70  5:27  Charge  
  70  5:29  Adept  
  70  5:30  Adept  
  70  5:31  Adept  
  76  5:37  Shield Battery  
  76  5:46  Probe  
  75  5:52  Stalker, Probe  
  75  5:53  Stalker x2  
  76  5:58  Probe  
  76  6:04  Probe  
  78  6:09  Protoss Ground Armor Level 1  
  78  6:10  Probe  
  79  6:16  Probe  
  80  6:22  Probe  
  76  6:27  Stalker x3  
  82  6:33  Probe  
  73  6:47  Probe x2  
  73  6:52  Stalker, Sentry, Zealot, Gateway  
  73  6:53  Gateway  
  81  6:56  Probe  
  81  6:58  Gateway  
  81  6:59  Probe  
  83  7:03  Oracle  
  83  7:06  Blink  
  83  7:07  Probe, Robotics Facility  
  83  7:08  Probe  
  86  7:18  Pylon, Adept x3  
  92  7:28  Photon Cannon  
  92  7:30  Shield Battery  
  92  7:35  Pylon  
  92  7:38  Zealot x2  
  92  7:39  Zealot  
  92  7:43  Templar Archives  
  97  7:53  Zealot x2  
  101  8:01  Stalker  
  101  8:02  Stalker  
  101  8:03  Zealot x2  
  101  8:04  Probe  
  107  8:15  Stalker  
  107  8:16  Zealot, Immortal  
  101  8:28  Stalker  
  101  8:30  Zealot, High Templar x2, Probe x2  
  105  8:41  High Templar x2  
  105  8:46  Warp Prism  
  105  8:48  Psionic Storm  
  109  8:49  Archon  
  109  8:50  Zealot  
  109  8:51  Zealot  
  112  9:07  Zealot x5  
  116  9:15  Zealot  
  102  9:25  Zealot x4  
  110  9:38  Sentry, High Templar  
  112  9:40  Immortal  
  112  9:41  Probe x2  
  112  9:43  Assimilator  
  112  9:44  Assimilator  
  110  9:53  Zealot x4  
  114  10:01  Stalker  
  114  10:02  Stalker  
  118  10:11  Photon Cannon  
  118  10:15  Stalker x3  
  118  10:20  Pylon  
Show
View Real Time Build Order
Export as new Build Order

Clem Terran 

Build Orders: Gas First Reaper Expand 

Get SALT Encoding   

  12  0:00  SCV  
  13  0:12  SCV  
  14  0:17  Supply Depot  
  14  0:24  SCV  
  15  0:28  Refinery  
  15  0:39  SCV  
  16  0:44  Barracks  
  16  0:51  SCV  
  17  1:03  SCV  
  18  1:16  SCV  
  19  1:31  Reaper  
  19  1:32  Orbital Command  
  20  1:46  Command Center  
  20  1:56  Factory  
  20  2:00  SCV  
  21  2:06  Barracks Reactor  
  21  2:14  SCV  
  21  2:15  Supply Depot  
  22  2:21  Bunker  
  22  2:26  Refinery  
  22  2:28  SCV  
  23  2:40  Hellion  
  23  2:41  SCV  
  23  2:43  Marine  
  27  2:44  Marine  
  28  2:53  Starport  
  28  2:57  SCV  
  29  3:05  Orbital Command  
  31  3:12  Widow Mine  
  31  3:14  SCV  
  31  3:18  Marine  
  31  3:19  Marine  
  33  3:27  SCV  
  34  3:30  Viking  
  34  3:32  SCV  
  34  3:33  Factory Tech Lab  
  37  3:38  Marine x2  
  39  3:42  SCV  
  39  3:45  Supply Depot  
  39  3:46  SCV  
  41  3:53  Siege Tank  
  41  3:54  SCV  
  45  3:57  Marine  
  46  4:06  Viking, Marine  
  49  4:14  SCV x2, Supply Depot  
  49  4:15  Marine  
  52  4:24  Marine  
  52  4:31  Barracks  
  53  4:32  Siege Tank  
  53  4:35  SCV x2, Marine  
  55  4:38  Viking  
  55  4:42  Marine  
  55  4:44  Barracks  
  58  4:50  SCV  
  59  4:53  SCV, Marine  
  59  4:56  Supply Depot  
  59  4:59  Marine  
  61  5:01  Engineering Bay  
  62  5:09  Refinery  
  62  5:13  Factory Reactor  
  62  5:16  Starport Reactor  
  62  5:18  SCV x2, Marine  
  65  5:26  Stimpack  
  65  5:27  Marine  
  65  5:28  Marauder, Supply Depot  
  68  5:30  SCV x2  
  68  5:31  Terran Infantry Weapons Level 1  
  70  5:38  Supply Depot  
  70  5:41  Marine  
  70  5:42  SCV  
  71  5:43  SCV  
  71  5:45  Barracks Tech Lab  
  71  5:46  Marine  
  63  5:54  SCV, Widow Mine x2  
  63  5:56  SCV  
  58  5:59  Marine x2  
  58  6:04  Marine  
  54  6:06  SCV  
  54  6:08  SCV  
  55  6:11  Marauder  
  56  6:18  SCV, Widow Mine  
  56  6:19  Widow Mine  
  56  6:20  SCV  
  56  6:24  Marine  
  58  6:29  Marauder  
  58  6:30  SCV  
  60  6:36  Marauder  
  57  6:43  SCV  
  57  6:45  Marine x2  
  53  6:51  Marauder  
  55  6:54  Orbital Command  
  55  6:55  SCV  
  55  6:59  Medivac  
  55  7:01  Medivac  
  54  7:10  Marine x2  
  54  7:13  Widow Mine  
  58  7:16  Widow Mine  
  58  7:18  Marine  
  58  7:22  Marauder  
  63  7:28  Terran Infantry Armor Level 1  
  63  7:29  Marine  
  63  7:30  Marine  
  65  7:41  SCV x2  
  65  7:43  Marauder, Widow Mine  
  73  7:44  Widow Mine  
  73  7:51  Marine x2  
  74  7:54  Marauder  
  77  7:59  SCV  
  80  8:05  Marauder  
  80  8:09  Barracks  
  80  8:11  SCV, Widow Mine, Barracks  
  80  8:16  Marine  
  81  8:20  Widow Mine  
  81  8:23  Medivac  
  81  8:26  Marauder  
  78  8:28  Marine  
  78  8:33  Medivac  
  77  8:37  Marine  
  77  8:39  Widow Mine  
  75  8:44  Marauder  
  75  8:47  SCV x2  
  79  8:52  Widow Mine  
  79  8:54  Marine  
  82  8:57  Marauder  
  82  9:00  Barracks Reactor, Barracks Tech Lab  
  84  9:03  Widow Mine  
  84  9:06  Marine  
  81  9:11  Marauder  
  81  9:12  SCV  
  81  9:15  Marine  
  74  9:18  Marauder  
  74  9:22  Marauder  
  71  9:26  Medivac  
  71  9:29  Marine  
  74  9:32  Marauder  
  74  9:39  Marine x3  
  74  9:40  Marauder  
  74  9:42  Refinery  
  74  9:43  SCV  
  74  9:44  SCV  
  81  9:51  Marine  
  75  9:53  Marauder  
  75  9:56  Widow Mine x2  
  75  9:57  Marauder  
  81  10:03  Marine x2  
  83  10:09  Marine  
  83  10:10  Supply Depot  
Tags
 
Add a new tag
Caveats
  • Supply blocks, unpowered buildings, or Contaminate may cause inaccurate times.
  • Supply counts are checked every 10 seconds.